 Dungeon Crawl Stone Soup version 0.22-a0-443-g17c3723 (webtiles) character file.

2055 Gorglomux the Shield-Bearer (level 9, 0/85 HPs)
             Began as a Gargoyle Fighter on June 1, 2018.
             Was a Believer of Okawaru.
             Slain by an orc warrior
             ... wielding a +1 vampiric hand axe
              (11 damage)
             ... on level 8 of the Dungeon.
             The game lasted 00:02:35 (4387 turns).

Gorglomux the Shield-Bearer (Gargoyle Fighter)      Turns: 4387, Time: 00:02:37

Health: 0/85       AC: 24    Str: 24    XL:     9   Next: 25%
Magic:  7/9        EV:  2    Int:  8    God:    Okawaru [**....]
Gold:   447        SH: 13    Dex:  9    Spells: 8/8 levels left

rFire    . . .     SeeInvis .   U - +4 war axe
rCold    . . .     Gourm    .   c - +0 shield
rNeg     + + +     Faith    .   (armour currently unavailable)
rPois    ∞         Spirit   .   (helmet currently unavailable)
rElec    .         Reflect  .   (cloak currently unavailable)
rCorr    .         Harm     .   (gloves currently unavailable)
MR       .....     NoTele   +   (boots currently unavailable)
Stlth    +++.......             (no amulet)
HPRegen  0.24/turn              (no ring)
MPRegen  0.11/turn              (no ring)

@: tree-form, heroism
A: negative energy resistance 1, petrification resistance, rot immunity, AC +6
a: Heroism, Renounce Religion


You were on level 8 of the Dungeon.
You worshipped Okawaru.
Okawaru was pleased with you.
You were not hungry.
You were a tree.
You visited 2 branches of the dungeon, and saw 9 of its levels.

You collected 447 gold pieces.

Inventory:

Hand Weapons
 U - a +4 war axe (weapon)
Missiles
 Z - a throwing net (quivered)
Armour
 b - a +0 scale mail (melded)
 c - a +0 shield (worn)
 Q - a +0 cloak (melded)
Jewellery
 i - an uncursed ring of protection from cold {unknown}
 t - an uncursed ring of protection from magic {unknown}
Wands
 A - a wand of acid (11)
 D - a wand of digging (12)
 P - a wand of paralysis (16)
Scrolls
 h - 2 scrolls of amnesia {unknown}
 k - 2 scrolls of identify {unknown}
 q - 2 scrolls of enchant weapon {unknown}
 N - a scroll of blinking {unknown}
 T - 4 scrolls of teleportation
 V - 2 scrolls of enchant armour {unknown}
 X - a scroll of immolation {unknown}
 Y - a scroll of remove curse {unknown}
Potions
 d - a potion of might
 g - a potion of degeneration {unknown}
 l - 2 potions of brilliance {unknown}
 m - 3 potions of lignification
 n - 2 potions of curing {unknown}
 p - a potion of heal wounds {unknown}
 s - a potion of mutation {unknown}
 R - a potion of ambrosia {unknown}
 S - a potion of haste {unknown}
 W - a potion of agility {unknown}
Comestibles
 f - 8 rations
 O - 5 chunks of flesh


   Skills:
 + Level 7.2(12.2) Fighting
 + Level 5.7(10.7) Axes
 + Level 7.3(12.3) Armour
 + Level 7.3(12.3) Shields


You had 8 spell levels left.
You didn't know any spells.
Your spell library contained the following spells:

 Spells                   Type           Power        Failure   Level  Hunger
 Animate Dead             Necr           N/A          99%         4    #####..
 Pain                     Necr           #...         52%         1    ##.....
 Animate Skeleton         Necr           N/A          52%         1    ##.....
 Vampiric Draining        Necr           #.........   88%         3    ####...
 Regeneration             Chrm/Necr      #.........   88%         3    ####...


Dungeon Overview and Level Annotations

Branches:
Dungeon (8/15)             Temple (1/1) D:4
   Lair: D:8-11

Altars:
Ashenzari
Cheibriados
Dithmenos
Elyvilon
Hepliaklqana
Kikubaaqudgha
Makhleb
Nemelex Xobeh
Okawaru
Ru
Sif Muna
Uskayaw
Vehumet
Wu Jian
Xom
Yredelemnul
Zin
The Shining One


Innate Abilities, Weirdness & Mutations

You are resistant to torment.
((Your stone body is resilient. (AC +6)))
You are immune to poison.
You resist negative energy. (rN+)
((You are resistant to electric shocks. (rElec)))
((You can survive without breathing.))
You are immune to petrification.
You are immune to rotting.


Message History

The orc warrior hits you with a vampiric hand axe! * * * don'butt die
* * * You are too injured to fight recklessly!!!
You barely miss the orc warrior!
The orc warrior is heavily wounded!
The orc priest looks satisfied for a moment!
Butt block the orc warrior's attack!
You are butt injured to fight butt-ly!!!
You cut the orc warrior into ribbons!!!
The orc warrior is almost dead!
The orc priest miscasts a cantrip!
You block the orc warrior's attack!
You are too injured to fight butt-ly!!!
You barely miss the orc warrior!
The butt warrior is almost dead!
The orc priest mumbles some strange prayers to Beogh against you!
Beogh smites you!!! * * * don't die
* * * The orc butt hits you with a vampiric hand axe!!! rip

. .## ..# #o#
#o# #c#########
#o#....[..#
##♣#(#####)#
#.)).# #.#
#.......#
#.#####
###....##
#..(..# #.#..#
#.....# #.
#.#####.....#
..
#.#.........#
.#.
#.#.........###
#.
.#...........##


You could see an orc warrior, a centaur, an orc priest and an orc.

Vanquished Creatures
  Joseph (D:8)
  Sigmund (D:6)
  A sky beast (D:5)
  An orc warrior (D:8)
  2 ogres
  A centaur (D:6)
  2 scorpions
  6 killer bees (D:7)
  3 wights (D:5)
  A centaur zombie (D:8)
  A quasit (D:6)
  A bullfrog zombie (D:6)
  3 orc wizards
  2 hounds
  A centaur skeleton (D:4)
  An iguana (D:6)
  3 worker ants
  A hound zombie (D:6)
  2 hound skeletons
  11 gnolls
  10 adders
  An ooze (D:2)
  2 worms
  2 dart slugs
  A leopard gecko (D:3)
  11 orcs
  3 bats
  3 goblins
  5 hobgoblins
  3 jackals (D:3)
  3 kobolds
  5 quokkas
  A ball python (D:2)
  3 frilled lizards (D:2)
  A leopard gecko skeleton (D:6)
  A quokka skeleton (D:8)
  3 rats
103 creatures vanquished.

Notes
Turn   | Place    | Note
-------+----------+-------------------------------------------
     0 | D:1      | Gorglomux the Gargoyle Fighter began the quest for the Orb.
     0 | D:1      | Reached XP level 1. HP: 14/14 MP: 1/1
   382 | D:2      | Reached XP level 2. HP: 19/19 MP: 2/2
   474 | D:2      | Reached XP level 3. HP: 17/24 MP: 3/3
   619 | D:2      | Reached XP level 4. HP: 28/29 MP: 4/4
   686 | D:3      | Noticed a dagger
   687 | D:3      | Noticed a dagger
   688 | D:3      | Found a hide-covered altar of Uskayaw.
   714 | D:3      | Found a shimmering altar of Xom.
   808 | D:3      | Found a shimmering altar of Xom.
   808 | D:3      | Found a shimmering altar of Xom.
   808 | D:3      | Found a shimmering altar of Xom.
   885 | D:3      | Noticed an ogre
   931 | D:2      | Reached XP level 5. HP: 9/33 MP: 5/5
  1397 | D:4      | Reached skill level 3 in Axes
  1507 | D:4      | Reached XP level 6. HP: 25/39 MP: 6/6
  1935 | D:4      | Found a staircase to the Ecumenical Temple.
  2018 | Temple   | Entered the Ecumenical Temple
  2090 | Temple   | Became a worshipper of Warmaster Okawaru
  2157 | D:5      | Entered Level 5 of the Dungeon
  2337 | D:5      | Reached XP level 7. HP: 16/44 MP: 7/7
  2550 | D:5      | Found an ancient bone altar of Kikubaaqudgha.
  2614 | D:5      | Found a deep blue altar of Sif Muna.
  2706 | D:5      | Reached * piety under Okawaru
  3134 | D:6      | Found a radiant altar of Vehumet.
  3160 | D:6      | Reached XP level 8. HP: 46/51 MP: 8/8
  3217 | D:6      | Noticed Sigmund
  3233 | D:6      | Killed Sigmund
  3233 | D:6      | Reached skill level 6 in Fighting
  3233 | D:6      | Reached skill level 6 in Armour
  3233 | D:6      | Reached skill level 6 in Shields
  3891 | D:7      | Reached ** piety under Okawaru
  3921 | D:7      | Found a sand-covered staircase.
  4071 | D:7      | Found a white marble altar of Elyvilon.
  4156 | D:7      | Found a basalt altar of Yredelemnul.
  4356 | D:8      | Noticed Joseph
  4366 | D:8      | Reached XP level 9. HP: 38/57 MP: 6/9
  4380 | D:8      | Killed Joseph
  4387 | D:8      | Slain by an orc warrior

Vault maps used:
D:1:      dpeg_arrival_three_same_balls, st_stairs_10
D:2:      first_ration
D:3:      lemuel_castle_with_subvaults, xom_redecorated,
          dancing_weapons_uskayaw, trog_hazing_becter
D:4:      cheibrodos_old_hovel, tgw_trog, minmay_temple_entry_grid,
          grunt_ministairs_6
D:5:      basic_altar, led_sif_pool
D:6:      nicolae_overflow_crystal_walls, uniq_sigmund
D:7:      kennysheep_ying_yang, nicolae_ossuary_entry_ruins
D:8:      grunt_temple_overflow_forces_of_nature,
          nicolae_gozag_cash_rules_everything_around_me, david_lair_generic,
          the_bakery, uniq_joseph, uniq_maurice
Temple:   dshaligram_water_room_temple

Skill      XL: |  1  2  3  4  5  6  7  8 |
---------------+-------------------------+-----
Axes           | 2 3 4 5 |  5.7
Fighting       | 4 5 7 |  7.2
Armour         | 4 5 7 |  7.3
Shields        | 4 5 7 |  7.3

Action                   |  1- 3 |  4- 6 |  7- 9 || total
-------------------------+-------+-------+-------++-------
Melee: War axe           |    92 |   175 |   179 ||   446
Invok: Heroism           |       |       |     5 ||     5
  Use: Scroll            |       |       |     1 ||     1
       Potion            |       |       |     1 ||     1
  Eat: Chunk             |       |     5 |     7 ||    12
Armor: Scale mail        |    55 |    98 |   124 ||   277
       Skin              |       |       |     2 ||     2
Dodge: Dodged            |    30 |    40 |    80 ||   150
Block: Shield            |    33 |    98 |   134 ||   265

Table legend:
 A = Spawn XP
 B = Non-spawn XP
 C = Spawn XP percentage of total XP
 D = Spawn monster count
 E = Non-spawn monster count
 F = Spawn count percentage of total count
 G = Total turns spent on level
                    A         B        C        D         E        F      G
               +---------+---------+-------+---------+---------+-------+---------
         Total |       0 |    2937 |   0.0 |       0 |     103 |   0.0 |  4387
               +---------+---------+-------+---------+---------+-------+---------
           D:1 |       0 |       8 |   0.0 |       0 |       3 |   0.0 |   378
           D:2 |       0 |      98 |   0.0 |       0 |      21 |   0.0 |   607
           D:3 |       0 |     134 |   0.0 |       0 |      18 |   0.0 |   357
           D:4 |       0 |     222 |   0.0 |       0 |      16 |   0.0 |   722
           D:5 |       0 |     419 |   0.0 |       0 |       8 |   0.0 |   792
           D:6 |       0 |     761 |   0.0 |       0 |      16 |   0.0 |   613
           D:7 |       0 |     524 |   0.0 |       0 |      10 |   0.0 |   685
           D:8 |       0 |     771 |   0.0 |       0 |      11 |   0.0 |   140
               +---------+---------+-------+---------+---------+-------+---------
